Map: 贝克特工业-天梯版

Players

iGXY (XY) - Winner!

  • Race: Terran Terran

小坚强 (Dragon)

  • Race: Terran Terran
  • League: Master

Event: DreamHack SC2 Masters 2021 Summer

VOD

Have the link to the VOD?

Description

Time

  • Played on: May 26, 2021, 8:36 a.m.
  • Length: 15:36

All games in this series

Show
View Real Time Build Order
Export as new Build Order

iGXY Terran - Winner!

Build Orders: Cyclone Opening 

Get SALT Encoding   

  12  0:00  SCV  
  13  0:12  SCV  
  14  0:17  Supply Depot  
  14  0:24  SCV  
  15  0:29  Refinery  
  15  0:38  SCV  
  16  0:44  Barracks  
  16  0:50  SCV  
  17  0:59  Refinery  
  17  1:03  SCV  
  18  1:15  SCV  
  19  1:31  Orbital Command, Reaper  
  20  1:35  Factory  
  20  1:45  Supply Depot  
  20  1:56  SCV  
  21  2:03  Reaper  
  21  2:08  SCV  
  23  2:19  Factory Tech Lab  
  23  2:20  SCV  
  24  2:28  Command Center  
  24  2:32  SCV  
  25  2:37  Cyclone  
  25  2:39  Barracks Reactor  
  28  2:44  SCV  
  28  2:45  Supply Depot  
  29  2:54  Starport  
  29  2:58  SCV  
  30  3:10  Cyclone  
  30  3:11  SCV  
  33  3:23  SCV  
  33  3:24  Refinery  
  34  3:28  Marine  
  34  3:29  Marine  
  34  3:30  Starport Tech Lab  
  35  3:35  SCV  
  39  3:49  Marine  
  39  3:51  Marine  
  39  3:53  SCV, Orbital Command  
  39  3:55  Raven  
  38  4:05  SCV  
  38  4:07  Marine  
  38  4:09  Marine  
  41  4:11  Siege Tank  
  44  4:17  SCV  
  44  4:19  SCV  
  44  4:23  Supply Depot  
  46  4:25  Marine  
  46  4:27  Marine  
  46  4:29  SCV  
  49  4:31  SCV  
  47  4:41  SCV  
  47  4:43  Marine, Siege Tank  
  47  4:45  Marine  
  50  4:47  SCV  
  46  4:54  SCV  
  46  5:01  Marine  
  46  5:02  SCV, Marine  
  49  5:12  SCV  
  49  5:16  SCV  
  49  5:19  Marine  
  49  5:20  Marine  
  55  5:22  Raven, Supply Depot  
  55  5:24  SCV  
  55  5:28  SCV  
  56  5:36  SCV  
  56  5:37  Siege Tank  
  56  5:40  SCV  
  61  5:48  SCV  
  62  5:50  Command Center  
  62  5:52  Refinery, SCV  
  63  6:01  SCV  
  64  6:04  SCV, Raven  
  67  6:13  SCV  
  67  6:16  SCV  
  68  6:23  Supply Depot x2  
  68  6:25  SCV  
  69  6:28  SCV  
  70  6:38  Supply Depot  
  70  6:44  SCV x2, Siege Tank  
  75  6:52  Barracks x2  
  74  6:56  SCV x2  
  74  6:57  Engineering Bay  
  74  6:58  Engineering Bay  
  78  7:08  SCV x2  
  78  7:11  Viking x2  
  81  7:20  SCV x2, Siege Tank  
  86  7:27  Marine  
  88  7:33  SCV x2  
  88  7:34  Orbital Command  
  88  7:36  Stimpack  
  86  7:39  Terran Infantry Weapons Level 1  
  86  7:40  Terran Infantry Armor Level 1  
  86  7:41  Viking x2  
  90  7:45  SCV  
  90  7:47  SCV  
  93  7:53  Siege Tank  
  93  7:56  Barracks Reactor  
  93  7:57  Barracks Reactor, SCV  
  96  7:59  SCV  
  96  8:00  Supply Depot  
  96  8:01  Barracks  
  96  8:02  Barracks  
  96  8:06  Marine  
  96  8:09  SCV  
  96  8:10  SCV  
  96  8:11  Viking  
  100  8:12  Viking  
  100  8:14  SCV  
  103  8:21  SCV  
  103  8:23  SCV, Marine  
  103  8:24  Armory  
  103  8:26  SCV, Supply Depot  
  107  8:33  SCV  
  107  8:34  Siege Tank  
  107  8:35  SCV  
  107  8:38  SCV  
  107  8:39  Refinery  
  107  8:41  Refinery, Marine x2  
  112  8:42  Marine x2  
  112  8:45  SCV, Marine  
  112  8:47  SCV  
  118  8:50  SCV  
  118  8:55  Sensor Tower  
  119  8:57  SCV  
  119  8:58  Marine  
  119  8:59  Barracks Reactor, Marine  
  119  9:00  Barracks Reactor, Marine  
  121  9:04  SCV x2  
  121  9:07  Supply Depot  
  121  9:08  Marine x2  
  125  9:15  Combat Shield  
  125  9:28  Marine, Medivac x2, Siege Tank  
  125  9:30  Supply Depot x2  
  133  9:36  Marine x2  
  133  9:37  Marine x2  
  137  9:39  Marine x4  
  141  9:46  Terran Infantry Armor Level 2, Terran Infantry Weapons Level 2, Command Center  
  141  9:47  Marine  
  141  9:48  SCV x3  
  141  9:49  Terran Vehicle Weapons Level 1  
  145  9:55  Marine x4  
  145  9:56  Marine  
  150  10:00  SCV  
  150  10:02  Marine, Sensor Tower, Siege Tank  
  150  10:03  Marine  
  150  10:04  SCV  
  150  10:05  SCV  
  158  10:07  Marine  
  158  10:09  Marine  
  158  10:12  Marine  
  161  10:16  SCV  
  161  10:17  SCV  
  163  10:26  Marine x2  
  149  10:31  Marine x5  
  149  10:34  Siege Tank  
  154  10:35  Viking x2  
  154  10:36  Marine  
  157  10:44  Marine x2  
  157  10:49  Marine x5  
  164  10:51  Factory  
  162  10:57  Planetary Fortress  
  162  11:00  Refinery  
  162  11:02  Refinery  
  162  11:05  Starport x2  
  162  11:07  Marine x2  
  162  11:08  Siege Tank  
  162  11:09  Marine x4  
  162  11:10  Marine  
  165  11:12  Barracks Reactor  
  165  11:13  Medivac x2  
  165  11:18  Marine  
  160  11:25  Marine x2  
  150  11:27  Marine  
  150  11:30  Marine x4  
  157  11:34  SCV  
  157  11:35  SCV  
  157  11:36  Marine  
  160  11:40  Siege Tank  
  160  11:43  Marine x2  
  160  11:45  Marine  
  160  11:46  Starport Tech Lab x2, Terran Vehicle Weapons Level 2  
  166  11:48  Marine x2  
  168  11:54  Marine x4  
  168  12:00  Command Center  
  172  12:12  Siege Tank  
  175  12:16  Raven x2, Corvid Reactor  
  179  12:23  Supply Depot  
  179  12:25  Missile Turret x2  
  179  12:31  Medivac x2  
  181  12:44  Marine x2  
  181  12:45  Siege Tank  
  186  12:59  Raven x2  
  190  13:06  Viking x2  
  190  13:12  Planetary Fortress  
  179  13:27  Marine, Siege Tank x2  
  179  13:28  Marine x9  
  171  13:36  Viking  
  173  13:41  Raven  
  173  13:42  Raven  
  173  13:45  Marine x2  
  173  13:46  Marine x8  
  180  13:51  SCV x3  
  183  13:57  Command Center  
  183  13:59  Siege Tank  
  186  14:03  Marine x8  
  186  14:04  Marine x2, Command Center, Missile Turret  
  196  14:16  Refinery  
  196  14:17  Refinery, Siege Tank  
  196  14:21  Marine x2  
  200  14:29  Marine  
  191  14:32  Marine x2, Siege Tank  
  191  14:33  Raven, Marine x3  
  195  14:40  Raven  
  195  14:42  Marine x3  
  199  14:55  Marine x2, Siege Tank  
  200  15:06  Marine  
  200  15:07  Marine  
  200  15:08  Marine x4  
  200  15:09  Marine  
  200  15:12  Marine  
  200  15:13  Marine x2  
  184  15:24  Command Center  
Show
View Real Time Build Order
Export as new Build Order

小坚强 Terran 

Build Orders:  

Get SALT Encoding   

  12  0:00  SCV  
  13  0:12  SCV  
  14  0:17  Supply Depot  
  14  0:24  SCV  
  15  0:39  SCV  
  15  0:41  Barracks  
  16  0:45  Refinery  
  16  0:51  SCV  
  16  0:54  Refinery  
  17  1:03  SCV  
  18  1:15  SCV  
  19  1:28  Reaper, Orbital Command  
  19  1:31  Supply Depot  
  20  1:44  Factory  
  20  1:53  SCV  
  21  2:00  Reaper  
  22  2:05  SCV  
  23  2:21  Command Center  
  23  2:22  SCV  
  24  2:27  Hellion  
  26  2:33  Barracks Reactor  
  26  2:34  SCV  
  27  2:39  Supply Depot  
  27  2:46  SCV  
  27  2:47  Starport  
  27  2:50  Factory Tech Lab  
  28  2:58  SCV  
  28  3:10  Cyclone  
  28  3:11  Marine x2  
  32  3:13  SCV  
  33  3:25  SCV  
  34  3:29  Marine x2, Medivac  
  38  3:35  Orbital Command  
  38  3:37  SCV  
  37  3:49  SCV  
  37  3:50  Marine  
  37  3:51  Marine, Siege Tank  
  42  4:00  Starport Tech Lab  
  42  4:01  SCV x2  
  42  4:02  Refinery  
  44  4:11  Marine x2  
  44  4:13  SCV x2  
  48  4:17  Supply Depot  
  48  4:21  Raven  
  50  4:25  SCV  
  50  4:26  SCV  
  50  4:29  Marine  
  53  4:36  Marine  
  54  4:39  SCV, Siege Tank  
  54  4:40  SCV  
  59  4:47  Marine  
  59  4:52  SCV x2  
  58  5:00  Marine  
  58  5:04  SCV x2, Supply Depot  
  58  5:05  Marine  
  58  5:06  Supply Depot  
  60  5:11  Siege Tank  
  59  5:17  Raven  
  59  5:18  SCV x2  
  62  5:25  Marine  
  62  5:27  Marine  
  64  5:30  SCV x2, Command Center  
  66  5:41  Supply Depot  
  66  5:42  SCV x2  
  68  5:43  Marine  
  68  5:45  Marine  
  69  5:54  SCV x2  
  71  5:59  Siege Tank  
  76  6:06  SCV  
  76  6:07  SCV  
  74  6:18  SCV  
  74  6:19  SCV  
  74  6:22  Barracks  
  74  6:23  Viking  
  74  6:24  Barracks, Marine, Viking  
  81  6:28  Refinery  
  81  6:31  SCV x2  
  81  6:32  Siege Tank  
  86  6:40  Supply Depot  
  86  6:42  Supply Depot  
  86  6:43  SCV x2  
  86  6:46  Marine  
  89  6:47  Stimpack  
  89  6:50  Orbital Command  
  89  6:55  SCV x2  
  91  7:02  Supply Depot  
  91  7:04  Marine  
  91  7:05  Viking x2  
  91  7:06  Siege Tank  
  98  7:09  SCV x2  
  98  7:12  Barracks Reactor x2  
  100  7:22  Marine  
  100  7:26  SCV x2  
  100  7:27  SCV  
  103  7:30  Supply Depot x2  
  103  7:37  Viking x2  
  105  7:38  Siege Tank  
  105  7:39  SCV x2, Marine  
  105  7:40  SCV  
  114  7:47  Marine  
  114  7:48  Marine x2, Engineering Bay  
  114  7:49  Engineering Bay  
  117  7:55  Marine  
  118  7:58  SCV x2  
  118  7:59  SCV  
  118  8:01  Barracks  
  118  8:02  Barracks  
  121  8:09  Marine  
  121  8:10  Marine  
  123  8:14  Refinery  
  123  8:15  Refinery  
  123  8:16  Factory  
  123  8:18  Medivac  
  123  8:19  Siege Tank  
  127  8:27  Combat Shield  
  127  8:28  Marine x3  
  127  8:29  Medivac  
  127  8:32  Terran Infantry Weapons Level 1  
  127  8:34  Terran Infantry Armor Level 1  
  131  8:35  Marine x2  
  132  8:44  Supply Depot x2  
  132  8:46  Marine x3  
  134  8:49  Barracks Reactor x2  
  134  8:53  Marine x2  
  136  8:59  Siege Tank  
  139  9:02  Factory Tech Lab  
  139  9:04  Marine x2  
  139  9:05  Marine  
  142  9:10  Supply Depot  
  142  9:11  Armory  
  142  9:12  Supply Depot  
  138  9:25  Siege Tank  
  138  9:28  Command Center  
  138  9:30  Viking x2  
  138  9:31  Marine x2, Siege Tank  
  137  9:35  Sensor Tower  
  141  9:39  Marine x4  
  141  9:40  Marine  
  141  9:41  Marine  
  141  9:42  Sensor Tower  
  141  9:44  SCV x2  
  141  9:45  SCV  
  150  9:52  Marine x2  
  152  9:57  SCV x2  
  152  9:58  SCV  
  155  10:00  Medivac x2  
  155  10:04  Supply Depot  
  158  10:16  Siege Tank  
  158  10:18  Marine x2  
  149  10:29  Marine  
  149  10:30  Marine x4  
  149  10:31  Siege Tank  
  152  10:39  Marine x4  
  149  10:45  Viking x2  
  149  10:47  Marine x2  
  149  10:48  Marine x2, Planetary Fortress, Siege Tank  
  158  10:51  Marine  
  159  10:57  Marine x3  
  159  11:03  Siege Tank  
  165  11:05  Marine x2  
  166  11:12  Marine  
  166  11:13  Marine  
  166  11:19  Marine x2  
  166  11:20  Siege Tank  
  166  11:24  Marine x2  
  164  11:27  Marine x3  
  164  11:28  SCV x3  
  164  11:30  Refinery x2  
  167  11:35  Starport, Siege Tank  
  167  11:36  Starport  
  167  11:39  Marine x2, Command Center, Medivac x2  
  171  11:40  Marine  
  171  11:43  Terran Infantry Weapons Level 2  
  174  11:53  Siege Tank  
  177  11:58  Marine x2  
  179  12:03  Marine x3  
  179  12:05  Terran Infantry Armor Level 2  
  179  12:06  Terran Vehicle Weapons Level 1  
  182  12:09  Medivac x2  
  184  12:21  Marine x5  
  189  12:27  Starport Tech Lab x2  
  189  12:34  Siege Tank  
  189  12:35  Siege Tank  
  195  12:38  Armory  
  195  12:41  Refinery x2  
  191  12:49  Viking x2  
  191  12:50  Raven x2  
  199  12:52  Marine  
  200  13:08  Planetary Fortress  
  200  13:25  Siege Tank  
  200  13:26  Marine x2, Siege Tank  
  182  13:28  Starport, Marine x3  
  165  13:36  Raven x2  
  165  13:39  Marine x2  
  171  13:45  Viking x2  
  171  13:46  Marine x6  
  173  13:51  SCV x4  
  173  13:52  SCV  
  178  14:00  Marine x2  
  178  14:01  Marine  
  181  14:12  Starport Tech Lab  
  181  14:13  Command Center  
  178  14:19  Raven x2  
  178  14:22  Siege Tank  
  177  14:29  Command Center x2  
  173  14:32  Command Center, Siege Tank  
  173  14:37  Marine x3  
  140  14:40  Marine x4  
  135  14:51  Marine  
  132  14:54  Siege Tank  
  132  14:55  Marine x3  
  132  14:58  Marine x4  
  132  14:59  Marine  
  130  15:04  Siege Tank  
  118  15:09  Marine  
  118  15:13  Marine x3  
  92  15:16  Marine x5  
Tags
 
Add a new tag
Caveats
  • Supply blocks, unpowered buildings, or Contaminate may cause inaccurate times.
  • Supply counts are checked every 10 seconds.